Cogmind - Beta 17.1 @@@ ROGUE MODE // 2026.08.24 @ 23:57:41 Player: APerTAS Result: Core destroyed Performance ------------- Evolutions (3) 1500 Regions Visited (5) 1000 Robots Destroyed (1) 5 Value Destroyed (114) 114 Prototype IDs (0) 0 Alien Tech Used (0) 0 Bonus (570) 570 TOTAL SCORE: 3189 Bonus ------- Pacifist 834 Friendly Fire -264 Cogmind --------- Core Integrity 0/700 Matter 276/300 Energy 100/100 System Corruption 13% Temperature Cool (0) Movement Core (50) Location -7/Factory Parts ------- > --- POWER (7) -------- (None) > --- PROPULSION (2) --- (None) > --- UTILITY (2) ------ (None) > --- WEAPON (2) ------- (None) > --- INVENTORY (5) ---- (None) Peak State ------------ > --- POWER ------------ (None) > --- PROPULSION ------- (None) > --- UTILITY ---------- (None) > --- WEAPON ----------- Greatsword > --- INVENTORY -------- (None) [Rating: 8] Favorites ----------- Power None Propulsion None Utility None Weapon Greatsword Slashing Weapon Greatsword Build | -11 -10 -10 -9 -8 -7 ------- Run | Yrd Mat Min Mat Mat Fac Slots Evolved 6 | . . . 2 2 2 Power 6 | . . . 2 2 2 Propulsion . | . . . . . . Utility . | . . . . . . Weapon . | . . . . . . Parts Attached 1 | . . . . . 1 Power . | . . . . . . Engine . | . . . . . . Core . | . . . . . . Reactor . | . . . . . . Propulsion . | . . . . . . Treads . | . . . . . . Leg . | . . . . . . Wheel . | . . . . . . Hover . | . . . . . . Flight . | . . . . . . Utility . | . . . . . . Device . | . . . . . . Storage . | . . . . . . Processor . | . . . . . . Hackware . | . . . . . . Protection . | . . . . . . Artifact . | . . . . . . Weapon 1 | . . . . . 1 Energy Gun . | . . . . . . Energy Cannon . | . . . . . . Ballistic Gun . | . . . . . . Ballistic Cannon . | . . . . . . Launcher . | . . . . . . Special Weapon . | . . . . . . Impact Weapon . | . . . . . . Slashing Weapon 1 | . . . . . 1 Piercing Weapon . | . . . . . . Special Melee Weapon . | . . . . . . Unidentified Prototypes . | . . . . . . Parts Lost 1 | . . . . . 1 Power . | . . . . . . Propulsion . | . . . . . . Utility . | . . . . . . Weapon 1 | . . . . . 1 Highest Loss Streak 1 | . . . . . 1 To Critical Strikes . | . . . . . . Average Backups . | . . . . . . Power . | . . . . . . Propulsion . | . . . . . . Utility . | . . . . . . Weapon . | . . . . . . Tool/Special . | . . . . . . Unused Backups . | . . . . . . Power . | . . . . . . Propulsion . | . . . . . . Utility . | . . . . . . Weapon . | . . . . . . Tool/Special . | . . . . . . Average Slot Usage (%) 1 | . . . . . 4 Slashing Weapon 1 | . . . . . 4 Peak Build Rating 8 | . . . . . 8 Average Rating 1 | . . . . . 5 On Entrance . | . . . . . . Avg Prop Armor Cover (%) . | . . . . . . Naked Turns 314 | . 8 24 136 89 57 Heaviest Build 5 | . . . . . 5 Greatest Support 3 | 3 3 3 3 3 3 Greatest Overweight (x) 1 | . . . . . 1 Average Overweight (x) . | . . . . . . Largest Inventory Capacity 5 | 5 5 5 5 5 5 Average Capacity 5 | 5 5 5 5 5 5 Most Carried 1 | . . . . . 1 Average Carried . | . . . . . . Final Capacity 5 | 5 5 5 5 5 5 Final Carried . | . . . . . . Class Distribution -------------------- 100% | Mutant Dominant Class ---------------- Mutant | -10/Materials Mutant | -10/Mines Mutant | -9/Materials Mutant | -8/Materials Mutant | -7/Factory Resources | -11 -10 -10 -9 -8 -7 ----------- Run | Yrd Mat Min Mat Mat Fac Matter Collected 46 | 46 . . . . . Remotely . | . . . . . . Salvage Created 66 | . . . . . 66 Parts 5 | . . . . . 5 Haulers Intercepted . | . . . . . . Recyclers Shooed . | . . . . . . Parts Field Recycled . | . . . . . . Retrieved Matter . | . . . . . . Parts Self-Destructed . | . . . . . . Prevented . | . . . . . . Parts Restored . | . . . . . . Kills | -11 -10 -10 -9 -8 -7 ------- Run | Yrd Mat Min Mat Mat Fac Combat Hostiles Destroyed 1 | . . . . . 1 Melee 1 | . . . . . 1 Classes Destroyed 1 | . . . . . 1 Sentry 1 | . . . . . 1 Best Kill Streak 1 | . . . . . 1 Combat Bots Only 1 | . . . . . 1 Max Kills in Single Turn 1 | . . . . . 1 Gunslinging . | . . . . . . Exploded . | . . . . . . Melee 1 | . . . . . 1 Uniques/NPCs Destroyed . | . . . . . . Combat | -11 -10 -10 -9 -8 -7 -------- Run | Yrd Mat Min Mat Mat Fac Hostile Shots Fired 97 | . . 2 22 37 36 Missed 38 | . . 2 8 13 15 Hits 59 | . . . 14 24 21 Melee 2 | . . . . 2 . Projectile 57 | . . . 14 22 21 Critical Strikes 1 | . . . . 1 . Damage Taken 1383 | . . . 177 326 880 Core 1214 | . . . 177 326 711 Absorbed by Shields . | . . . . . . Core Remaining (%) 73 | 100 . 100 55 40 . Volleys Fired . | . . . . . . Largest . | . . . . . . Hottest . | . . . . . . Shots Fired . | . . . . . . Gun . | . . . . . . Cannon . | . . . . . . Launcher . | . . . . . . Special . | . . . . . . Kinetic . | . . . . . . Thermal . | . . . . . . Explosive . | . . . . . . Electromagnetic . | . . . . . . Robot Hit Streak . | . . . . . . Robot Miss Streak . | . . . . . . Penetration Max . | . . . . . . Secondary Targets . | . . . . . . Shots Hit Robots 3 | . . . . . 3 Core Hits 6 | . . . 1 1 4 Critical Kills . | . . . . . . Critical Parts Destroyed . | . . . . . . Critical Strikes . | . . . . . . Melee Attacks 19 | . . . . . 19 Impact . | . . . . . . Slashing 19 | . . . . . 19 Piercing . | . . . . . . Sneak Attacks 2 | . . . . . 2 Combat Hostiles . | . . . . . . Follow-up Attacks . | . . . . . . Damage Inflicted 489 | . . . 46 40 403 Guns . | . . . . . . Cannons . | . . . . . . Explosions . | . . . . . . Melee 281 | . . . . . 281 Ramming 208 | . . . 46 40 122 Kinetic . | . . . . . . Thermal . | . . . . . . Explosive . | . . . . . . Electromagnetic . | . . . . . . Impact . | . . . . . . Slashing 281 | . . . . . 281 Piercing . | . . . . . . Highest Corruption 13 | . . . 3 . 13 Average Corruption 1 | . . . 2 . 1 Corruption Purged . | . . . . . . Corruption Blocked . | . . . . . . Effects 2 | . . . . . 2 Energy Discharges 1 | . . . . . 1 Data Loss (major) 1 | . . . . . 1 Overload Shots . | . . . . . . Overflow Damage 108 | . . . . . 108 Projectiles . | . . . . . . Explosions . | . . . . . . Melee 108 | . . . . . 108 Knockbacks 1 | . . . 1 . . Impact 1 | . . . 1 . . Kinetic . | . . . . . . Secondary . | . . . . . . Self-Inflicted Damage 137 | . . . 19 17 101 Shots . | . . . . . . Rammed 36 | . . . 14 11 11 Targets Rammed 36 | . . . 14 11 11 Kicked . | . . . . . . Crushed . | . . . . . . Highest Temperature 32 | . . . . . 32 Average Temperature 32 | . . . . . 32 Received Heat Transfer 129 | . . . 81 . 48 Siege Activations . | . . . . . . Martial Activations . | . . . . . . Shielding Activations . | . . . . . . Robots Disrupted . | . . . . . . Combat Hostiles . | . . . . . . Robots Corrupted . | . . . . . . Combat Hostiles . | . . . . . . Parts Fried . | . . . . . . Impact Corruptions . | . . . . . . Robots Melted . | . . . . . . Combat Hostiles . | . . . . . . Parts Melted . | . . . . . . Heat Transferred . | . . . . . . Parts Sabotaged . | . . . . . . Parts Stolen . | . . . . . . Parts Stripped . | . . . . . . Power Chain Reactions . | . . . . . . Alert | -11 -10 -10 -9 -8 -7 ------- Run | Yrd Mat Min Mat Mat Fac Maximum Alert Level . | . . . . . . Low Security (%) 100 | 100 100 100 100 100 100 Level 1 . | . . . . . . Level 2 . | . . . . . . Level 3 . | . . . . . . Level 4 . | . . . . . . Level 5 . | . . . . . . High Security . | . . . . . . Max Security . | . . . . . . Peak Influence 194 | . . . 140 194 94 Initial 94 | . . . . 54 94 Average 69 | . . . 74 106 63 Influence Increases 400 | . . . 170 195 35 Destroy 0b10 Robot/C 20 | . . . . . 20 Destroy Leader 10 | . . . . . 10 Select Force Hacks 50 | . . . 50 . . Destroy Structure 5 | . . . . . 5 Lose Combat Pursuer 315 | . . . 120 195 . Influence Decreases 361 | . . . 40 116 205 Entered New Map 191 | . . . . 76 115 Time Decay 160 | . . . 40 40 80 Lost Part 10 | . . . . . 10 Squads Dispatched 3 | . . . 2 1 . Investigation 1 | . . . 1 . . Extermination . | . . . . . . Reinforcement 2 | . . . 1 1 . Assault . | . . . . . . Garrison . | . . . . . . Intercept . | . . . . . . Searches Triggered . | . . . . . . Construction Impeded . | . . . . . . Haulers Reinforced . | . . . . . . Active Scanning Responses . | . . . . . . Cargo Convoy Interrupts . | . . . . . . Stealth | -11 -10 -10 -9 -8 -7 --------- Run | Yrd Mat Min Mat Mat Fac Distress Signals 1 | . . . 1 . . Communications Jammed . | . . . . . . Distress Signals . | . . . . . . Times Spotted 37 | . . 7 10 19 1 Peak Tracking Total 22 | . . 22 8 10 1 Tactical Retreats 8 | . . 1 3 4 . Traps | -11 -10 -10 -9 -8 -7 ------- Run | Yrd Mat Min Mat Mat Fac Traps Triggered . | . . . . . . Indirectly . | . . . . . . Trap Hack Attempts . | . . . . . . Triggered . | . . . . . . Disarmed . | . . . . . . Reprogrammed . | . . . . . . Reused . | . . . . . . Traps Extracted . | . . . . . . Installed . | . . . . . . Triggered . | . . . . . . Machines | -11 -10 -10 -9 -8 -7 ---------- Run | Yrd Mat Min Mat Mat Fac Machines Disabled . | . . . . . . Max in Single Turn . | . . . . . . Machines Repaired . | . . . . . . Machines Dismantled . | . . . . . . Machines Sabotaged 1 | . . . 1 . . Overloaded Fab Kills . | . . . . . . Hacking | -11 -10 -10 -9 -8 -7 --------- Run | Yrd Mat Min Mat Mat Fac Machines Accessed 2 | . . . 2 . . Terminals 2 | . . . 2 . . Fabricators . | . . . . . . Repair Stations . | . . . . . . Recycling Units . | . . . . . . Scanalyzers . | . . . . . . Garrison Access . | . . . . . . Total Hacks 3 | . . . 3 . . Successful 1 | . . . 1 . . Failed 2 | . . . 2 . . Catastrophic 2 | . . . 2 . . Database Lockouts . | . . . . . . Manual 4 | . . . 4 . . Terminals 3 | . . . 3 . . Fabricators . | . . . . . . Repair Stations . | . . . . . . Recycling Units . | . . . . . . Scanalyzers . | . . . . . . Garrison Access . | . . . . . . Terminal Hacks . | . . . . . . Fabricator Hacks . | . . . . . . Repair Station Hacks . | . . . . . . Recycling Unit Hacks . | . . . . . . Scanalyzer . | . . . . . . Garrison Access Hacks . | . . . . . . Unauthorized Hacks 1 | . . . 1 . . Terminals 1 | . . . 1 . . Sabotage 1 | . . . 1 . . Fabricators . | . . . . . . Repair Stations . | . . . . . . Recycling Units . | . . . . . . Scanalyzers . | . . . . . . Garrison Access . | . . . . . . Data Cores Recovered . | . . . . . . Used . | . . . . . . Hacking Detections 1 | . . . 1 . . Full Trace Events 1 | . . . 1 . . Feedback Events . | . . . . . . Feedback Blocked . | . . . . . . Robot Schematics Acquired . | . . . . . . Robots Built . | . . . . . . Authchips . | . . . . . . Time . | . . . . . . Total Robot Build Rating . | . . . . . . Part Schematics Acquired . | . . . . . . Parts Built . | . . . . . . Authchips . | . . . . . . Time . | . . . . . . Total Part Build Rating . | . . . . . . Part Studies Acquired . | . . . . . . Parts Repaired . | . . . . . . Time . | . . . . . . Parts Recycled . | . . . . . . Recycled Matter . | . . . . . . Retrieved Matter . | . . . . . . Retrieved Components . | . . . . . . Parts Scanalyzed . | . . . . . . Part Schematics Acquired . | . . . . . . Parts Damaged . | . . . . . . Bothacking | -11 -10 -10 -9 -8 -7 ------------ Run | Yrd Mat Min Mat Mat Fac Used RIF Installer . | . . . . . . Robots Hacked . | . . . . . . Non-combat . | . . . . . . Combat . | . . . . . . Robot Hacks Applied . | . . . . . . Relay Couplers Released . | . . . . . . Fabnet Peak Effective % . | . . . . . . Robots Rewired . | . . . . . . Allies Hacked . | . . . . . . Hacks Repelled . | . . . . . . Allies | -11 -10 -10 -9 -8 -7 -------- Run | Yrd Mat Min Mat Mat Fac Total Allies . | . . . . . . Largest Group . | . . . . . . Highest-Rated Group . | . . . . . . Highest-Rated Ally . | . . . . . . Total Orders . | . . . . . . Ally Attacks . | . . . . . . Total Damage . | . . . . . . Kills . | . . . . . . Allies Corrupted . | . . . . . . Allies Melted . | . . . . . . Intel | -11 -10 -10 -9 -8 -7 ------- Run | Yrd Mat Min Mat Mat Fac Active Infowar (turns) . | . . . . . . Robot Analysis Total . | . . . . . . Derelict Logs Recovered . | . . . . . . Drone Launches . | . . . . . . Drone Recoveries . | . . . . . . Exploration | -11 -10 -10 -9 -8 -7 ------------- Run | Yrd Mat Min Mat Mat Fac Turns Passed 432 | 11 8 24 136 89 164 Spaces Moved 548 | 22 15 47 196 157 111 Core 548 | 22 15 47 196 157 111 Treads . | . . . . . . Legs . | . . . . . . Wheels . | . . . . . . Hover . | . . . . . . Flight . | . . . . . . Fastest Speed 50 | 50 50 50 50 50 50 Average Speed 54 | 50 50 50 50 50 72 Slowest Speed 100 | 50 50 50 50 50 100 Overloaded Moves . | . . . . . . Propulsion Burnouts . | . . . . . . Robots Hopped . | . . . . . . Potential Cave-ins 9 | . . . . . 9 Cave-ins Triggered 1 | . . . . . 1 Exploration Rate (%) 12 | 2 4 19 22 24 5 Regions Visited 5 Branch Regions 1 Pre-discovered Areas . | . . . . . . Known Exits Taken . | . . . . . . Unknown Exits Taken 5 | 1 1 1 1 1 . Scrap Searched . | . . . . . . Spaces Dug 13 | . . . . . 13 Terrain Destroyed 13 | . . . . . 13 Melee 13 | . . . . . 13 Projectile . | . . . . . . AOE . | . . . . . . Terrain Rammed 14 | . . . . . 14 Walls Destroyed . | . . . . . . Machines Disabled . | . . . . . . Actions | -11 -10 -10 -9 -8 -7 --------- Run | Yrd Mat Min Mat Mat Fac Total 637 | 21 14 46 233 167 156 Wait 24 | . . . 24 . . Move 543 | 21 14 46 195 157 110 Hop . | . . . . . . Pick Up 1 | . . . . . 1 Fast Attach 1 | . . . . . 1 Attach . | . . . . . . Detach . | . . . . . . Swap . | . . . . . . Drop . | . . . . . . Fire . | . . . . . . Melee 19 | . . . . . 19 Ram 48 | . . . 14 10 24 Kick . | . . . . . . Crush . | . . . . . . Escape Stasis 1 | . . . . . 1 Rewire . | . . . . . . Trap . | . . . . . . Miscellaneous . | . . . . . . Route ------- -11/Scrapyard -10/Materials -10/Mines -9/Materials -8/Materials -7/Factory History --------- Turn | Location | Event 4 | -11/Scrapyard | Discovered new exit (range 13) 12 | -11/Scrapyard | Entered Materials 12 | -10/Materials | Discovered new exit (range 14) 20 | -10/Materials | Entered Mines 21 | -10/Mines | Assembled infested the area 26 | -10/Mines | Assisted by a Guerilla fighting off Assembled 36 | -10/Mines | Discovered new exit (range 15) 44 | -10/Mines | Entered Materials 44 | -9/Materials | Evolved 2 slots: Power x2 173 | -9/Materials | Discovered new exit (range 16) 180 | -9/Materials | Entered another Materials area 180 | -8/Materials | Evolved 2 slots: Power x2 267 | -8/Materials | Discovered new exit (range 4) 269 | -8/Materials | Core integrity fell below 50% 269 | -8/Materials | Entered Factory 269 | -7/Factory | Evolved 2 slots: Power x2 282 | -7/Factory | Noticed a derelict Sapper rigging charges 291 | -7/Factory | Core integrity fell below 50% 305 | -7/Factory | Build established: Mutant 419 | -7/Factory | Crushed by falling debris 423 | -7/Factory | Core integrity fell below 20% 432 | -7/Factory | System corruption reached 10% 433 | -7/Factory | Core destroyed Last Messages --------------- Slammed into Earth. Destabilizing: System corrupted (+1). System corrupted: Substantial component data lost. Slammed into Earth. Destabilizing: Core damaged (-21). Slammed into Earth. Destabilizing: System corrupted (+1). Slammed into Earth. Destabilizing: System corrupted (+1). Slammed into Earth. Destabilizing: Core damaged (-28). The unstable cave ceiling collapses. 66 Matter crushed. Slammed into Earth. Destabilizing: System corrupted (+2). Slammed into Earth. Destabilizing: System corrupted (+2). Slammed into Earth. Destabilizing: Core damaged (-14). Map ----- +----------------------------------------------------+ | | | | | | | | | | | | | | | | | | | ??????????????????????????????????????? | | ??????????????????????????????????????? | | ??????????????????????????????????????? | | ??????????????????????????????????????? | | ??????????????????????????????????????? | | ??????????????????????????????????????? | | ??????????????????????????????????????? | | ??????????????????????????????????????? | | ??????????????????????????????????????? | | ??????????????????????????????????????? | | ??????????????????????????????????????? | | ??????????????????????????????????????? | | ??????????????????????????????????????? | | ? ???????#?????????????######???????? | | ??????? ?????????????#!=#!##??????? | | ??????? ???????????##[###=##?????? | | #?????? """"""? ??##@##?## ##????? | | #?????? """"""" ??####???## ##???? | | #?????? """""""???###?????## ##??? | | #?????? ??????########"#??? | | #???????" ???????# ##??? | | #???????" ???????# #???? | | #???????? ????????# #???? | | #???????? ????????# #???? | | #????????? ?????????# #???? | | #????????? ?????????# ###???? | | ###########+########### #?????? | | [ #?????? | | #?????? | | !! #?????? | | !! """"""""" #?????? | | #?????? | | """"""""" ##"##########? | | # ! #? | | """"""""" # ! #? | | # !#? | | """"""""" # !!! #? | | ? # !!! #? | | ?? # !! #? | | ="#########+######## # ! #? | | # #?# #####"#######? | +----------------------------------------------------+ Best States ------------- Heat Dissipation 34 Energy Generation 5 Energy Capacity 100 Matter Stores 281 Matter Capacity 300 Sight Range 16 Terrain Scan Density 10 Evasion (%) 50 Item Schematics ----------------- None Robot Schematics ------------------ None Fabricated ------------ Nothing Repaired ---------- Nothing Studied --------- None Alien Tech Used ----------------- None Achievements -------------- None Challenges ------------ None Game ------ Seed ReflexModifiedCharger Manual? 0 Play Time 00:05:48 Cumulative 14.4 hours Start 2026.08.24 @ 23:53:06 End 2026.08.24 @ 23:57:41 Sessions 1 Manual Loads 0 Difficulty Rogue Special Mode None Game No. 43 Rogue 43 Adventurer 0 Explorer 0 Win Type - Total 0 Types 0/0/0/0/0/0/0/0/0/0 Lore% 13 Gallery% 16 Achievement% 36 Wizard Run 0 Options --------- Layout 1 ASCII 0 Keyboard 0 Movement Arrows Keybinds 0 Fullscreen 2 Font 32/Tamsyn Map View 50x35 Zoom Use 0% Tactical HUD 0 Map Filters NONE Filters NONE Steam 1 RUN: 8f47f3b5-0b05-4ca5-95b2-3ddf85f1b5a6